 Dungeon Crawl Stone Soup version 0.28-a0-906-g0406aca7d3 (webtiles) character file.

Game seed: 6743207766736220433

4994 pokeman the Thaumaturge (level 10, 0/54 HPs)
             Began as a Deep Elf Hedge Wizard on Nov 23, 2021.
             Was a Follower of Vehumet.
             Killed by divine providence
             ... invoked by an orc priest
              (13 damage)
             ... on level 8 of the Dungeon.
             The game lasted 00:23:55 (10134 turns).

pokeman the Thaumaturge (Deep Elf Hedge Wizard)    Turns: 10134, Time: 00:23:56

Health: 0/54       AC: 12    Str:  7    XL:     10   Next: 29%
Magic:  20/28      EV: 13    Int: 23    God:    Vehumet [*.....]
Gold:   326        SH:  5    Dex: 14    Spells: 15/34 levels left

rFire   . . .      SeeInvis .   C - +1 dagger (elec)
rCold   . . .      Faith    .   v - +0 buckler
rNeg    . . .      Spirit   .   B - +0 steam dragon scales
rPois   .          Reflect  .   r - +0 helmet
rElec   .          Harm     .   g - +1 cloak
rCorr   .          Rampage  .   s - +0 pair of gloves
Will    +....                   h - +2 pair of boots
Stlth   ++........              (no amulet)
HPRegen 0.18/turn               (no ring)
MPRegen 0.21/turn               (no ring)

@: no status effects
A: no striking features
a: Renounce Religion


You were on level 8 of the Dungeon.
You worshipped Vehumet.
Vehumet was aware of your devotion.
You visited 2 branches of the dungeon, and saw 9 of its levels.

You collected 476 gold pieces.
You spent 150 gold pieces at shops.

Inventory:

Hand Weapons
 a - a +0 hand crossbow
 x - a +0 shortbow
 C - a +1 dagger of electrocution (weapon)
Missiles
 d - 72 arrows
 e - 59 bolts
 E - 4 throwing nets
Armour
 g - a +1 cloak (worn)
 h - a +2 pair of boots (worn)
 r - a +0 helmet (worn)
 s - a +0 pair of gloves (worn)
 v - a +0 buckler (worn)
 B - +0 steam dragon scales (worn)
Jewellery
 q - a ring of ice
Wands
 b - a wand of polymorph (12)
 j - a wand of mindburst (28)
 y - a wand of digging (5)
 F - a wand of flame (22)
 H - a wand of paralysis (13)
Scrolls
 c - a scroll of brand weapon {unknown}
 i - 4 scrolls of amnesia {unknown}
 k - 4 scrolls of identify
 m - 3 scrolls of teleportation
 n - 3 scrolls of fog {unknown}
 p - a scroll of magic mapping {unknown}
 u - 2 scrolls of fear {unknown}
 A - a scroll of vulnerability {unknown}
 D - a scroll of noise {unknown}
Potions
 f - 2 potions of curing
 l - 2 potions of invisibility {unknown}
 o - a potion of might {unknown}
 t - 2 potions of haste {unknown}
 w - 2 potions of ambrosia {unknown}
 z - 2 potions of degeneration {unknown}
 G - a potion of heal wounds


   Skills:
 + Level 2.5 Fighting
 - Level 1.0 Armour
 - Level 3.3 Dodging
 - Level 3.0 Stealth
 - Level 4.0 Shields
 * Level 12.8 Spellcasting
 + Level 8.3 Conjurations
 - Level 3.0 Summonings
 + Level 5.6 Necromancy
 - Level 1.1 Translocations
 - Level 2.0 Fire Magic
 - Level 1.1 Air Magic
 - Level 1.1 Poison Magic
 - Level 1.0 Evocations


You had 15 spell levels left.
You knew the following spells:

 Your Spells              Type           Power      Damage    Failure   Level
a - Magic Dart            Conj           100%       1d8       1%          1
b - Mephitic Cloud        Conj/Pois/Air  31%        N/A       3%          3
c - Call Imp              Summ           28%        N/A       1%          2
d - Blink                 Tloc           38%        N/A       4%          2
e - Conjure Flame         Conj/Fire      38%        6-21      1%          3
f - Foxfire               Conj/Fire      100%       2x1d9     1%          1
g - Haunt                 Necr/Summ      17%        N/A       99%         7

Your spell library contained the following spells:

 Spells                   Type           Power      Damage    Failure   Level
 Slow                     Hex            56%        N/A       4%          1
 Animate Dead             Necr           20%        N/A       4%          4
 Ozocubu's Armour         Ice            14%        N/A       13%         3
 Ozocubu's Refrigeration  Ice            7%         4d6       100%        7
 Infestation              Necr           20%        N/A       100%        8


Dungeon Overview and Level Annotations

Branches:
Dungeon (8/15)             Temple (1/1) D:5
   Lair: D:8-11

Altars:
Ashenzari
Cheibriados
Elyvilon
Fedhas
Gozag
Hepliaklqana
Kikubaaqudgha
Okawaru
Qazlal
Ru
Sif Muna
Trog
Uskayaw
Vehumet
Xom
Yredelemnul
Zin
The Shining One
Lugonu

Shops:
D:6 ?   D:8 !

Annotations:
D:8 Gastronok


Message History

The foxfire hits the orc but does no damage. x2
Unknown command.
Casting: Foxfire (safe; 1% risk of failure)
Confirm with . or Enter, or press ? or * to list all spells.
You conjure some foxfire!
The foxfire hits the orc but does no damage. x2
Unknown command.
Casting: Foxfire (safe; 1% risk of failure)
Confirm with . or Enter, or press ? or * to list all spells.
You conjure some foxfire!
The orc barely misses you.
The foxfire hits the orc!
You kill the orc!
Vehumet accepts your kill.
You feel your power returning.
The foxfire hits the orc.
The orc is moderately wounded.
Unknown command.
Casting: Foxfire (safe; 1% risk of failure)
Confirm with . or Enter, or press ? or * to list all spells.
You conjure some foxfire!
The foxfire hits the orc.
The orc is heavily wounded.
Casting: Foxfire (safe; 1% risk of failure)
Confirm with . or Enter, or press ? or * to list all spells.
You conjure some foxfire!
The foxfire hits the orc.
You kill the orc!
Vehumet accepts your kill.
You feel your power returning.
Unknown command.
You hit the orc but do no damage.
The orc is moderately wounded.
The foxfire hits the orc.
The orc is heavily wounded.
You block the orc's attack.
Unknown command.
Your foxfire dissipates!
There is a stone staircase leading up here.
You closely miss the orc.
The orc is heavily wounded.
The orc priest invokes the aid of Beogh against you.
Beogh smites you!
You die...

#o# #.# #..##..# #.# #.#
#..##..## #)###.#
##..##...# #.....#
#...##.#..# #####.####
##.#..#.##....
##...#....## #..##...#
##... ##.......o.o##
#.##....# ...
#......>..)..####.##.##.#
..
#...........oo@...##.##.#
#............###.....##.#
##..........##
#.#.####.## ##...##...##
#.....##..# ##########
###..##.###.##
####....##..##..#
#.....#####...#.# #...###
###...#### #....##
##.....##


You could see an orc priest and 3 orcs.

Vanquished Creatures
  Harold (D:7)
  A two-headed ogre (D:8)
  Maggie (D:6)
  A troll (D:8)
  Prince Ribbit (D:7)
  Grinder (D:3)
  2 wyverns
  A steam dragon (D:6)
  An acid dragon (D:7)
  2 water moccasins (D:8)
  Duvessa (D:5)
  A sky beast (D:3)
  3 orc warriors
  3 ogres
  A necrophage (D:8)
  A centaur (D:5)
  A phantom (D:4)
  A gnoll sergeant (D:6)
  4 scorpions
  Dowan (D:5)
  A howler monkey (D:8)
  A bullfrog zombie (D:5)
  2 jellies (D:5)
  5 centaur zombies
  A hound (D:4)
  2 centaur skeletons
  Terence (D:2)
  6 orc wizards
  2 scorpion zombies (D:5)
  A hound zombie (D:5)
  A hound skeleton (D:4)
  A howler monkey zombie (D:7)
  5 gnolls (D:6)
  9 adders
  2 shadow imps
  An ufetubus (D:5)
  An adder skeleton (D:4)
  A worm (D:3)
  5 dart slugs
  18 orcs
  6 endoplasms
  2 giant cockroaches
  12 goblins
  8 hobgoblins
  5 jackals
  7 kobolds
  A quokka (D:2)
  7 ball pythons
  3 bats
  2 frilled lizards (D:2)
  8 rats
156 creatures vanquished.

Vanquished Creatures (others)
  A human (D:7)
  143 foxfires
144 creatures vanquished.

Grand Total: 300 creatures vanquished

Notes
Turn   | Place    | Note
-------+----------+-------------------------------------------
     0 | D:1      | pokeman the Deep Elf Hedge Wizard began the quest for the
                  | Orb.
     0 | D:1      | Reached XP level 1. HP: 10/10 MP: 7/7
   384 | D:1      | Reached XP level 2. HP: 14/15 MP: 2/9
  1048 | D:1      | Reached skill level 5 in Spellcasting
  1169 | D:1      | Reached XP level 3. HP: 11/20 MP: 4/11
  1173 | D:1      | Learned a level 3 spell: Mephitic Cloud
  1176 | D:1      | Learned a level 2 spell: Call Imp
  1179 | D:1      | Learned a level 2 spell: Blink
  1183 | D:1      | Learned a level 3 spell: Conjure Flame
  1402 | D:2      | Noticed Terence
  1601 | D:2      | Reached skill level 1 in Fighting
  1601 | D:2      | Reached skill level 1 in Armour
  1638 | D:2      | Killed Terence
  1639 | D:2      | Reached XP level 4. HP: 25/25 MP: 5/13
  2507 | D:2      | Found a hazy altar of Hepliaklqana.
  2594 | D:2      | Reached skill level 1 in Fire Magic
  2661 | D:3      | Noticed Grinder
  3205 | D:3      | Noticed a sky beast
  3217 | D:3      | Killed a sky beast
  3218 | D:3      | Reached skill level 6 in Spellcasting
  3218 | D:3      | Reached skill level 1 in Air Magic
  3218 | D:3      | Reached XP level 5. HP: 29/29 MP: 8/15
  3494 | D:3      | Killed Grinder
  3495 | D:3      | Reached XP level 6. HP: 27/34 MP: 5/17
  3634 | D:4      | Reached skill level 5 in Conjurations
  3659 | D:4      | Reached skill level 1 in Poison Magic
  3659 | D:4      | Reached XP level 7. HP: 29/38 MP: 6/19
  3765 | D:4      | Reached skill level 7 in Spellcasting
  4879 | D:5      | Entered Level 5 of the Dungeon
  4909 | D:5      | Reached skill level 1 in Evocations
  4951 | D:5      | Found an iron altar of Okawaru.
  4989 | D:5      | Noticed Duvessa
  4990 | D:5      | Noticed Dowan
  5375 | D:5      | Found a staircase to the Ecumenical Temple.
  5402 | Temple   | Entered the Ecumenical Temple
  5417 | Temple   | Became a worshipper of Vehumet
  5485 | D:5      | Reached skill level 8 in Spellcasting
  5493 | D:5      | Learned a level 7 spell: Haunt
  5520 | D:5      | Reached skill level 1 in Necromancy
  5634 | D:5      | Reached XP level 8. HP: 44/44 MP: 17/22
  5655 | D:5      | Killed Duvessa
  5662 | D:5      | Killed Dowan
  6052 | D:6      | Noticed Maggie
  6052 | D:6      | Found Kuchives's Magic Scroll Shoppe.
  6231 | D:6      | Reached skill level 9 in Spellcasting
  6475 | D:6      | Found a glowing silver altar of Zin.
  6775 | D:6      | Killed Maggie
  6776 | D:6      | Reached skill level 1 in Shields
  6869 | D:6      | Bought a scroll of identify for 30 gold pieces
  6869 | D:6      | Bought a scroll of teleportation for 45 gold pieces
  6894 | D:6      | Reached * piety under Vehumet
  6894 | D:6      | Offered knowledge of Foxfire by Vehumet.
  6895 | D:6      | Reached skill level 10 in Spellcasting
  6897 | D:6      | Learned a level 1 spell: Foxfire
  7570 | D:7      | Reached XP level 9. HP: 49/49 MP: 17/25
  7738 | D:7      | Found an opulent altar of Gozag.
  7802 | D:7      | Found a stormy altar of Qazlal.
  8131 | D:7      | Noticed Harold
  8132 | D:7      | Noticed Prince Ribbit
  8195 | D:7      | Killed Prince Ribbit
  8226 | D:7      | Reached skill level 11 in Spellcasting
  8547 | D:7      | Found an ancient bone altar of Kikubaaqudgha.
  8584 | D:7      | Killed Harold
  8869 | D:7      | Found a glowing golden altar of the Shining One.
  8936 | D:7      | Found a blossoming altar of Fedhas.
  8936 | D:7      | Found a white marble altar of Elyvilon.
  8986 | D:7      | Found a sacrificial altar of Ru.
  9070 | D:7      | Found a shimmering blue altar of Sif Muna.
  9248 | D:8      | Reached skill level 12 in Spellcasting
  9272 | D:8      | Noticed Gastronok
  9523 | D:8      | Noticed a two-headed ogre
  9539 | D:8      | Killed a two-headed ogre
  9540 | D:8      | Reached skill level 5 in Necromancy
  9540 | D:8      | Reached XP level 10. HP: 31/54 MP: 16/28
  9705 | D:8      | Found Rimeupt's Distillery.
  9710 | D:8      | Bought a potion of heal wounds for 75 gold pieces
  9818 | D:8      | Found a broken altar of Ashenzari.
 10134 | D:8      | Killed from afar by an orc priest

Illustrated notes

Levels and vault maps discovered:
D:1:      onia_arrival_pyramid, layout_loops_corners
D:2:      layout_loops_ring, basic_altar, uniq_terence
D:3:      layout_rooms, uniq_grinder
D:4:      layout_gridville, kennysheep_generic_room_9
D:5:      layout_cave_pools, kennysheep_okawaru_gauntlet,
          minmay_temple_entry_tees, uniq_duvessa
D:6:      layout_basic, mainiacjoe_overflow_concentric_impassable, serial_shops,
          shop, hex_intersection, uniq_maggie
D:7:      layout_cave_pools, grunt_gozag_breadcrumbs, tso_altar,
          kennysheep_orc_sif_temple, nicolae_qazlal_general_emergency,
          tgw_kikubaaqudgha, nicolae_overflow_hidden_temple,
          gammafunk_temple_overflow_elements, serial_column_ruins,
          column_ruins_hut, column_ruins_square_huge,
          column_ruins_corridor_corner, column_ruins_grid_1,
          column_ruins_columns_T, column_ruins_open_tiny,
          column_ruins_open_tiny, column_ruins_columns_straight, uniq_harold,
          uniq_prince_ribbit1
D:8:      layout_rooms, evilmike_ruin_ashenzari, serial_shops,
          nicolae_shop_advertising_works [nicolae_subvault_shop_adworks],
          special_room [special_room_orc], uniq_psyche, uniq_gastronok
Temple:   corrupted_temple

Skill      XL: |  1  2  3  4  5  6  7  8  9 10 |
---------------+-------------------------------+-----
Spellcasting   | 5 6 8 10 12 | 12.8
Fighting       | 1 2 |  2.5
Armour         | 1 |  1.0
Conjurations   | 2 4 5 6 8 |  8.3
Fire Magic     | 1 2 |  2.0
Dodging        | 3 |  3.3
Air Magic      | 1 |  1.1
Poison Magic   | 1 |  1.1
Stealth        | 3 |  3.0
Evocations     | 1 |  1.0
Necromancy     | 1 2 5 |  5.6
Shields        | 2 3 4 |  4.0
Summonings     | 3 |  3.0
Translocations | |  1.1

Action                   |  1- 3 |  4- 6 |  7- 9 | 10-12 || total
-------------------------+-------+-------+-------+-------++-------
Melee: Dagger            |    24 |     1 |    25 |    13 ||    63
       Hand axe          |       |    13 |     1 |       ||    14
       Falchion          |       |       |    31 |       ||    31
 Cast: Magic Dart        |    67 |   108 |    94 |       ||   269
       Conjure Flame     |     2 |     4 |    37 |     4 ||    47
       Mephitic Cloud    |     2 |     2 |    21 |     4 ||    29
       Call Imp          |       |     1 |     5 |     2 ||     8
       Foxfire           |       |       |    65 |    17 ||    82
       Blink             |       |       |     2 |       ||     2
 Stab: Confused          |       |     2 |     2 |       ||     4
       Sleeping          |       |       |     1 |       ||     1
Armor: Robe              |    10 |     9 |    11 |       ||    30
       Leather armour    |       |       |     2 |       ||     2
       Steam dragon scal |       |       |    16 |     3 ||    19
Dodge: Dodged            |    29 |    19 |    41 |     7 ||    96
Block: Buckler           |       |       |       |     2 ||     2

Table legend: (Time is in decaauts)
 A = Elapsed time spent in this place.
 B = Non-inter-level travel time spent in this place.
 C = Inter-level travel time spent in this place.
 D = Time resting spent in this place.
 E = Time spent auto-exploring this place.
 F = Levels seen in this place.
 G = Mean time per level.
                   A        B        C        D        E       F      G
               +--------+--------+--------+--------+--------+-----+--------+
         Total |  10157 |   9636 |    521 |   1506 |   6654 |   9 | 1128.6 |
       Dungeon |  10127 |   9619 |    508 |   1506 |   6647 |   8 | 1265.9 |
        Temple |     29 |     16 |     13 |      0 |      7 |   1 |   29.0 |
               +--------+--------+--------+--------+--------+-----+--------+

Top non-repeatable levels by time:
     D:6: 1982 daAuts
     D:1: 1503 daAuts
     D:4: 1399 daAuts
     D:2: 1374 daAuts
     D:7: 1275 daAuts
     D:5: 1111 daAuts
     D:8: 772 daAuts
     D:3: 710 daAuts
  Temple: 29 daAuts
